 Dungeon Crawl Stone Soup version 0.26-a0-660-gc07710193c (webtiles) character file.

Game seed: 16521153311404395705

121 Decritt the Conjurer (level 4, -4/24 HPs)
             Began as a Deep Elf Conjurer on Oct 6, 2020.
             Slain by a gnoll
             ... wielding a +1 flail of protection
              (7 damage)
             ... on level 2 of the Dungeon.
             The game lasted 00:05:47 (1845 turns).

Decritt the Conjurer (Deep Elf Conjurer)            Turns: 1845, Time: 00:05:48

Health: -4/24      AC:  4    Str:  5    XL:     4   Next: 77%
Magic:  1/11       EV: 12    Int: 23    God:
Gold:   88         SH:  0    Dex: 13    Spells: 6/9 levels left

rFire    . . .     SeeInvis .   d - +0 spear
rCold    . . .     Faith    .   (no shield)
rNeg     . . .     Spirit   .   l - +0 leather armour
rPois    .         Reflect  .   (no helmet)
rElec    .         Harm     .   (no cloak)
rCorr    .         Rampage  .   h - +0 pair of gloves
MR       .....                  (no boots)
Stlth    ++........             (no amulet)
HPRegen  0.08/turn              (no ring)
MPRegen  0.12/turn              (no ring)

@: no status effects
A: no striking features
a: no special abilities


You were on level 2 of the Dungeon.
You visited 1 branch of the dungeon, and saw 2 of its levels.

You collected 88 gold pieces.

Inventory:

Hand Weapons
 d - a +0 spear (weapon)
Armour
 a - a +0 robe
 h - a +0 pair of gloves (worn)
 l - a +0 leather armour (worn)
Wands
 k - a wand of flame (20)
Scrolls
 b - a scroll of amnesia {unknown}
 c - a scroll of identify {unknown}
 e - a scroll of remove curse {unknown}
 f - a scroll of blinking {unknown}
 g - a scroll of teleportation {unknown}
Potions
 i - a potion of heal wounds {unknown}
 j - a potion of resistance {unknown}
 m - a potion of lignification {unknown}


   Skills:
 - Level 2.4 Dodging
 - Level 2.4 Stealth
 + Level 3.4 Spellcasting
 + Level 6.6 Conjurations


You had 6 spell levels left.
You knew the following spells:

 Your Spells              Type           Power        Failure   Level
a - Magic Dart            Conj           ####         1%          1
b - Searing Ray           Conj           ####..       1%          2

Your spell library contained the following spells:

 Spells                   Type           Power        Failure   Level
 Dazzling Flash           Conj/Hex       ###...       14%         3
 Fulminant Prism          Conj/Hex       ###.......   43%         4
 Iskenderun's Mystic Bla  Conj/Tloc      ###.....     43%         4


Dungeon Overview and Level Annotations

Branches:
Dungeon (2/15)

Altars:
Ashenzari
Dithmenos
Ru


Message History

You barely miss the gnoll.
The gnoll is severely wounded.
The gnoll hits you with a +0 whip.
* * * LOW HITPOINT WARNING * * *
Casting: Searing Ray (safe; 1% risk of failure)
Confirm with . or Enter, or press ? or * to list all spells.
Aiming: Magic Dart (safe; 1% risk of failure)
Press: ? - help, Shift-Dir - straight line, f/p - gnoll
Aim: a gnoll, wielding a +1 flail of protection (heavily wounded)
The magic dart hits the gnoll!
You kill the gnoll!
You hit the gnoll but do no damage.
The gnoll is heavily wounded.
The gnoll hits you with a +1 flail of protection.
* * * LOW HITPOINT WARNING * * *
You hit the gnoll but do no damage.
The gnoll is heavily wounded.
The gnoll barely misses you.
The gnoll hits you with a +1 flail of protection!
You die...

...........# ..#
#.†#.# ..# #..#.#
#.# #..#.## #.#
#.....## #.#
#..###.###.# #.#
#..# #.....# #.#
#).###.#####
#@#####.#..>## ##
#.g).†.....######.
#######...........
############


You could see a gnoll.

Vanquished Creatures
  7 gnolls
  An ooze (D:1)
  A dart slug (D:1)
  3 leopard geckos
  2 giant cockroaches
  7 goblins
  3 hobgoblins (D:1)
  6 jackals (D:1)
  A quokka (D:2)
  3 ball pythons
  2 bats (D:1)
  4 frilled lizards
  3 kobolds (D:1)
  3 rats (D:1)
46 creatures vanquished.

Vanquished Creatures (others)
  4 toadstools (D:1)
4 creatures vanquished.

Grand Total: 50 creatures vanquished

Notes
Turn   | Place    | Note
-------+----------+-------------------------------------------
     0 | D:1      | Decritt the Deep Elf Conjurer began the quest for the Orb.
     0 | D:1      | Reached XP level 1. HP: 10/10 MP: 6/6
   160 | D:1      | Reached XP level 2. HP: 15/15 MP: 5/8
   226 | D:1      | Reached skill level 5 in Conjurations
   494 | D:1      | Reached XP level 3. HP: 19/19 MP: 6/9
   863 | D:1      | Learned a level 2 spell: Searing Ray
  1227 | D:2      | Reached skill level 6 in Conjurations
  1308 | D:2      | Found a broken altar of Ashenzari.
  1308 | D:2      | Found a sacrificial altar of Ru.
  1308 | D:2      | Found a shadowy altar of Dithmenos.
  1507 | D:2      | Reached XP level 4. HP: 24/24 MP: 3/10
  1845 | D:2      | Slain by a gnoll

Illustrated notes

Levels and vault maps discovered:
D:1:      ldierk_walled_garden_2, layout_loops_ring,
          chequers_serial_rivers_marsh
D:2:      minmay_roachtagon, layout_loops_ring, gammafunk_temple_overflow_claw

Skill      XL: |  1  2  3 |
---------------+----------+-----
Conjurations   | 5 6 |  6.6
Dodging        | |  2.4
Stealth        | |  2.4
Spellcasting   | |  3.4

Action                   |  1- 3 |  4- 6 || total
-------------------------+-------+-------++-------
Melee: Spear             |       |     6 ||     6
 Cast: Magic Dart        |    68 |    17 ||    85
       Searing Ray       |     2 |     3 ||     5
Dodge: Dodged            |    19 |     9 ||    28

Table legend: (Time is in decaauts)
 A = Elapsed time spent in this place.
 B = Non-inter-level travel time spent in this place.
 C = Inter-level travel time spent in this place.
 D = Time resting spent in this place.
 E = Time spent auto-exploring this place.
 F = Levels seen in this place.
 G = Mean time per level.
                   A        B        C        D        E       F      G
               +--------+--------+--------+--------+--------+-----+--------+
         Total |   1849 |   1807 |     42 |      0 |   1583 |   2 |  924.5 |
       Dungeon |   1849 |   1807 |     42 |      0 |   1583 |   2 |  924.5 |
               +--------+--------+--------+--------+--------+-----+--------+

Top non-repeatable levels by time:
     D:1: 1220 daAuts
     D:2: 629 daAuts
